[ AOE2 MATCH · #474901321 ]
UnrankedPersians vs Ethiopians
[ REPLAY ANALYSIS · EXTRACTED FROM THE RECORDED GAME ]
Feudal
9:10
Castle
24:25
Imperial
45:40
| APM avg | 43.9 |
| APM peak | 106 |
| eAPM avg | 22.1 |
| Villagers / military | 209 / 489 |
Focus
⚔️ 40.3% · 🌾 59.7%
Knight ×330 · Scout Cavalry ×157 · Monk ×1 · Militia ×1
Feudal
9:05
Castle
22:46
Imperial
31:50
| APM avg | 58.0 |
| APM peak | 102 |
| eAPM avg | 19.9 |
| Villagers / military | 133 / 426 |
Focus
⚔️ 52.0% · 🌾 48.0%
Archer ×294 · Spearman ×101 · Shotel Warrior ×27 · Trebuchet (Packed) ×4
Feudal
9:03
Castle
22:10
Imperial
45:58
| APM avg | 36.6 |
| APM peak | 84 |
| eAPM avg | 20.3 |
| Villagers / military | 161 / 480 |
Focus
⚔️ 34.1% · 🌾 65.9%
Skirmisher ×269 · Archer ×194 · Iron Pagoda ×6 · Battering Ram ×6 · Trebuchet (Packed) ×5
Feudal
9:32
Castle
25:15
Imperial
41:51
| APM avg | 51.8 |
| APM peak | 120 |
| eAPM avg | 24.0 |
| Villagers / military | 163 / 330 |
Focus
⚔️ 49.6% · 🌾 50.4%
Archer ×104 · War Wagon ×86 · Militia ×45 · Fire Lancer ×40 · Skirmisher ×38 · Spearman ×9
Feudal
10:18
Castle
19:40
Imperial
53:26
| APM avg | 39.6 |
| APM peak | 98 |
| eAPM avg | 23.0 |
| Villagers / military | 132 / 40 |
Focus
⚔️ 35.1% · 🌾 64.9%
Kipchak ×26 · Steppe Lancer ×7 · Mangonel ×6 · Knight ×1
Feudal
9:30
Castle
21:14
Imperial
44:13
| APM avg | 46.4 |
| APM peak | 88 |
| eAPM avg | 29.2 |
| Villagers / military | 197 / 208 |
Focus
⚔️ 32.6% · 🌾 67.4%
Spearman ×61 · Scorpion ×44 · Boyar ×39 · Battering Ram ×33 · Mangonel ×12 · Archer ×7
Match map
Initial resources + every placement click. Lines = walls · curves = elevation contours. ◆ gold · ⬟ stone · ● berries · ✦ relic · ◌ wall gap
Your base· Open — 7t gap
sinx's base· Open — 9t gap
♿ Lastkraftwagenfahrer's base· Open — 14t gap
Kataklysm's base· Open — 8t gap
DaRKN''s base· Open — unwalled flank
randomciv's base· Open — 13t gap
Smoothed initial terrain · ◌ = detected wall gap · hover for details
Inputs per minute
— Dude_Magnus - - sinx
Build order — Dude_Magnus
First 150 of 655 actions detected
| 0:07 | Build | Town Center |
| 1:09 | Create | Villager (Male) |
| 1:09 | Create | Villager (Male) |
| 1:10 | Create | Villager (Male) |
| 1:10 | Create | Villager (Male) |
| 1:10 | Create | Villager (Male) |
| 1:10 | Create | Villager (Male) |
| 2:02 | Create | Villager (Male) |
| 2:02 | Create | Villager (Male) |
| 2:16 | Create | Villager (Male) |
| 2:37 | Build | Lumber Camp |
| 3:06 | Create | Villager (Male) |
| 3:06 | Create | Villager (Male) |
| 3:06 | Create | Villager (Male) |
| 3:07 | Create | Villager (Male) |
| 3:28 | Create | Villager (Male) |
| 3:28 | Create | Villager (Male) |
| 3:52 | Build | Mill |
| 3:59 | Create | Villager (Male) |
| 4:00 | Create | Villager (Male) |
| 4:00 | Create | Villager (Male) |
| 4:29 | Build | House |
| 5:21 | Create | Villager (Male) |
| 5:30 | Build | House |
| 5:31 | Build | House |
| 5:34 | Build | Palisade Wall |
| 5:40 | Build | Palisade Wall |
| 5:49 | Research | Loom |
| 7:05 | Research | Feudal Age |
| 7:27 | Build | House |
| 7:34 | Build | Palisade Wall |
| 8:19 | Build | Barracks |
| 8:39 | Create | Villager (Male) |
| 9:10 | Age | Feudal Age |
| 9:20 | Build | Stable |
| 9:26 | Create | Villager (Male) |
| 9:27 | Research | Double-Bit Axe |
| 9:48 | Create | Scout Cavalry |
| 9:48 | Create | Scout Cavalry |
| 10:02 | Create | Villager (Male) |
| 10:02 | Create | Villager (Male) |
| 10:32 | Create | Villager (Male) |
| 10:39 | Build | House |
| 10:41 | Build | Palisade Wall |
| 10:45 | Create | Scout Cavalry |
| 10:49 | Create | Villager (Male) |
| 11:03 | Build | House |
| 11:03 | Build | House |
| 11:23 | Create | Scout Cavalry |
| 11:33 | Create | Villager (Male) |
| 11:37 | Build | Farm |
| 11:38 | Build | Farm |
| 11:38 | Build | Farm |
| 11:38 | Build | Farm |
| 11:38 | Build | Farm |
| 11:39 | Build | Farm |
| 11:39 | Build | Farm |
| 11:39 | Build | Farm |
| 11:39 | Build | Farm |
| 11:39 | Build | Farm |
| 11:40 | Build | Farm |
| 11:40 | Build | Farm |
| 11:43 | Create | Villager (Male) |
| 11:53 | Build | Farm |
| 12:09 | Create | Scout Cavalry |
| 12:33 | Create | Villager (Male) |
| 12:51 | Create | Villager (Male) |
| 13:15 | Create | Scout Cavalry |
| 13:29 | Create | Villager (Male) |
| 13:30 | Create | Scout Cavalry |
| 13:49 | Build | Farm |
| 13:56 | Build | Farm |
| 14:05 | Create | Villager (Male) |
| 14:05 | Create | Villager (Male) |
| 14:14 | Create | Scout Cavalry |
| 14:23 | Build | Palisade Gate |
| 14:25 | Build | House |
| 14:30 | Create | Villager (Male) |
| 14:49 | Create | Villager (Male) |
| 15:03 | Create | Villager (Male) |
| 15:16 | Create | Villager (Male) |
| 15:18 | Create | Scout Cavalry |
| 15:18 | Create | Scout Cavalry |
| 15:31 | Create | Scout Cavalry |
| 16:05 | Build | Blacksmith |
| 16:08 | Build | Mining Camp |
| 16:27 | Create | Villager (Male) |
| 16:34 | Create | Scout Cavalry |
| 16:35 | Create | Villager (Male) |
| 16:40 | Build | Farm |
| 16:41 | Build | Farm |
| 16:49 | Build | Farm |
| 16:53 | Create | Villager (Male) |
| 17:00 | Create | Scout Cavalry |
| 17:01 | Create | Villager (Male) |
| 17:03 | Build | Farm |
| 17:21 | Research | Scale Barding Armor |
| 17:40 | Create | Villager (Male) |
| 17:44 | Create | Scout Cavalry |
| 17:47 | Build | Stable |
| 18:02 | Create | Scout Cavalry |
| 18:14 | Create | Villager (Male) |
| 18:24 | Build | Farm |
| 18:27 | Build | Farm |
| 18:29 | Create | Villager (Male) |
| 18:31 | Build | Farm |
| 18:32 | Build | Farm |
| 18:33 | Build | Farm |
| 18:37 | Build | Farm |
| 18:41 | Create | Villager (Male) |
| 18:42 | Create | Scout Cavalry |
| 19:04 | Create | Scout Cavalry |
| 19:04 | Create | Scout Cavalry |
| 19:12 | Create | Villager (Male) |
| 19:20 | Build | Farm |
| 19:23 | Build | Farm |
| 19:26 | Build | Mill |
| 19:27 | Build | Farm |
| 19:27 | Build | Farm |
| 19:27 | Build | Farm |
| 19:28 | Build | Farm |
| 19:28 | Build | Farm |
| 19:28 | Build | Farm |
| 19:28 | Build | Farm |
| 19:35 | Create | Scout Cavalry |
| 19:38 | Create | Villager (Male) |
| 19:41 | Build | Farm |
| 19:56 | Build | House |
| 20:22 | Create | Villager (Male) |
| 20:23 | Create | Villager (Male) |
| 20:33 | Create | Militia |
| 20:35 | Create | Villager (Male) |
| 20:41 | Build | Farm |
| 21:21 | Build | Market |
| 21:26 | Build | Farm |
| 21:29 | Build | Farm |
| 21:30 | Build | Farm |
| 21:31 | Build | Farm |
| 21:50 | Build | House |
| 21:56 | Build | House |
| 22:00 | Research | Castle Age |
| 22:14 | Create | Villager (Male) |
| 22:15 | Create | Villager (Male) |
| 22:28 | Research | Forging |
| 22:30 | Create | Scout Cavalry |
| 22:30 | Create | Scout Cavalry |
| 22:37 | Build | House |
| 22:40 | Build | House |
| 23:18 | Research | Horse Collar |
| 23:20 | Research | Gold Mining |
Build order — sinx
First 150 of 618 actions detected
| 0:19 | Build | Town Center |
| 1:22 | Create | Villager (Male) |
| 1:29 | Create | Villager (Male) |
| 1:29 | Create | Villager (Male) |
| 1:45 | Research | Loom |
| 1:46 | Create | Villager (Male) |
| 1:57 | Create | Villager (Male) |
| 2:17 | Create | Villager (Male) |
| 2:18 | Create | Villager (Male) |
| 2:18 | Create | Villager (Male) |
| 2:40 | Create | Villager (Male) |
| 3:10 | Build | Lumber Camp |
| 3:12 | Create | Villager (Male) |
| 3:27 | Create | Villager (Male) |
| 3:53 | Create | Villager (Male) |
| 5:23 | Create | Villager (Male) |
| 5:45 | Create | Villager (Male) |
| 5:48 | Build | Mill |
| 6:19 | Create | Villager (Male) |
| 6:55 | Research | Feudal Age |
| 7:31 | Create | Villager (Male) |
| 7:38 | Build | Barracks |
| 7:55 | Build | House |
| 8:09 | Create | Villager (Male) |
| 8:20 | Build | House |
| 9:05 | Age | Feudal Age |
| 9:08 | Build | Archery Range |
| 9:10 | Create | Spearman |
| 9:12 | Research | Double-Bit Axe |
| 9:13 | Create | Villager (Male) |
| 9:36 | Create | Villager (Male) |
| 9:41 | Build | Archery Range |
| 9:51 | Create | Archer |
| 9:51 | Create | Archer |
| 10:08 | Build | House |
| 10:22 | Create | Archer |
| 10:22 | Create | Archer |
| 10:25 | Create | Villager (Male) |
| 10:40 | Create | Archer |
| 10:48 | Build | Blacksmith |
| 10:57 | Create | Archer |
| 10:59 | Create | Villager (Male) |
| 11:13 | Create | Archer |
| 11:14 | Create | Archer |
| 11:39 | Research | Fletching |
| 12:07 | Create | Archer |
| 12:08 | Create | Archer |
| 12:17 | Create | Villager (Male) |
| 12:18 | Create | Archer |
| 12:18 | Create | Archer |
| 12:23 | Build | House |
| 12:27 | Create | Archer |
| 12:27 | Create | Archer |
| 12:35 | Create | Villager (Male) |
| 12:49 | Create | Villager (Male) |
| 12:56 | Create | Archer |
| 12:57 | Create | Archer |
| 13:21 | Create | Archer |
| 13:25 | Create | Villager (Male) |
| 13:29 | Build | House |
| 13:32 | Create | Villager (Male) |
| 13:35 | Build | Farm |
| 13:36 | Build | Farm |
| 13:56 | Build | House |
| 14:00 | Research | Padded Archer Armor |
| 14:01 | Create | Archer |
| 14:19 | Create | Archer |
| 14:20 | Create | Spearman |
| 14:27 | Build | Mill |
| 14:30 | Create | Villager (Male) |
| 14:34 | Build | House |
| 14:42 | Create | Archer |
| 15:10 | Create | Archer |
| 15:27 | Create | Archer |
| 15:27 | Create | Archer |
| 15:32 | Create | Villager (Male) |
| 15:32 | Create | Archer |
| 15:33 | Create | Archer |
| 15:40 | Create | Villager (Male) |
| 15:43 | Build | House |
| 15:57 | Create | Archer |
| 15:57 | Create | Archer |
| 16:13 | Create | Archer |
| 16:15 | Create | Villager (Male) |
| 16:34 | Create | Archer |
| 16:39 | Create | Villager (Male) |
| 16:39 | Create | Villager (Male) |
| 16:41 | Build | House |
| 16:44 | Build | Farm |
| 16:44 | Build | Farm |
| 16:44 | Build | Farm |
| 16:45 | Build | Farm |
| 16:45 | Build | Farm |
| 16:52 | Create | Villager (Male) |
| 16:56 | Build | Farm |
| 17:14 | Create | Villager (Male) |
| 17:20 | Create | Archer |
| 17:23 | Create | Archer |
| 17:41 | Create | Archer |
| 17:47 | Create | Archer |
| 18:01 | Create | Archer |
| 18:02 | Create | Villager (Male) |
| 18:03 | Create | Archer |
| 18:03 | Create | Archer |
| 18:16 | Create | Villager (Male) |
| 18:16 | Create | Archer |
| 18:23 | Create | Villager (Male) |
| 18:24 | Build | Lumber Camp |
| 18:29 | Create | Archer |
| 18:49 | Create | Archer |
| 19:06 | Create | Archer |
| 19:11 | Create | Villager (Male) |
| 19:21 | Create | Archer |
| 19:22 | Create | Archer |
| 19:32 | Create | Villager (Male) |
| 19:41 | Create | Villager (Male) |
| 20:06 | Research | Castle Age |
| 20:13 | Build | Archery Range |
| 20:14 | Create | Villager (Male) |
| 20:18 | Build | Mining Camp |
| 20:34 | Create | Archer |
| 20:41 | Build | House |
| 20:42 | Create | Archer |
| 20:42 | Create | Archer |
| 20:57 | Build | Mining Camp |
| 21:15 | Create | Archer |
| 21:33 | Create | Villager (Male) |
| 21:34 | Create | Archer |
| 21:34 | Create | Archer |
| 21:38 | Build | House |
| 21:39 | Build | House |
| 22:01 | Create | Archer |
| 22:01 | Create | Archer |
| 22:12 | Create | Villager (Male) |
| 22:14 | Create | Archer |
| 22:16 | Create | Archer |
| 22:22 | Build | Mill |
| 22:43 | Create | Archer |
| 22:46 | Age | Castle Age |
| 22:49 | Research | Crossbowman (upgrade) |
| 22:50 | Research | Bodkin Arrow |
| 22:50 | Research | Bodkin Arrow |
| 22:55 | Create | Archer |
| 23:10 | Create | Archer |
| 23:11 | Create | Archer |
| 23:12 | Create | Villager (Male) |
| 23:12 | Create | Archer |
| 23:13 | Create | Archer |
| 23:18 | Create | Archer |
| 23:23 | Create | Villager (Male) |
Build order — ♿ Lastkraftwagenfahrer
First 150 of 556 actions detected
| 0:04 | Build | Town Center |
| 1:06 | Research | Loom |
| 1:29 | Create | Villager (Male) |
| 1:50 | Create | Villager (Male) |
| 2:01 | Build | Lumber Camp |
| 2:34 | Create | Villager (Male) |
| 2:34 | Create | Villager (Male) |
| 3:33 | Create | Villager (Male) |
| 3:33 | Create | Villager (Male) |
| 3:33 | Create | Villager (Male) |
| 4:05 | Create | Villager (Male) |
| 4:11 | Create | Villager (Male) |
| 4:30 | Build | Mill |
| 5:08 | Create | Villager (Male) |
| 5:25 | Create | Villager (Male) |
| 6:18 | Create | Villager (Male) |
| 6:53 | Research | Feudal Age |
| 6:58 | Build | Barracks |
| 7:08 | Build | Lumber Camp |
| 7:41 | Build | House |
| 8:11 | Build | Mining Camp |
| 8:19 | Create | Villager (Male) |
| 8:19 | Create | Villager (Male) |
| 8:28 | Build | House |
| 8:31 | Build | Palisade Wall |
| 8:32 | Build | Palisade Wall |
| 8:32 | Build | Palisade Wall |
| 8:40 | Build | Palisade Wall |
| 8:46 | Build | Palisade Wall |
| 9:03 | Age | Feudal Age |
| 9:12 | Build | Archery Range |
| 9:17 | Create | Villager (Male) |
| 9:24 | Research | Double-Bit Axe |
| 9:40 | Build | Palisade Gate |
| 9:46 | Build | Palisade Wall |
| 9:58 | Create | Villager (Male) |
| 10:21 | Create | Villager (Male) |
| 10:22 | Create | Archer |
| 10:28 | Build | Archery Range |
| 10:30 | Build | Palisade Wall |
| 10:37 | Create | Archer |
| 10:58 | Create | Archer |
| 11:09 | Build | Palisade Wall |
| 11:25 | Create | Archer |
| 11:26 | Create | Villager (Male) |
| 11:44 | Create | Villager (Male) |
| 11:47 | Build | Blacksmith |
| 11:55 | Create | Archer |
| 11:58 | Create | Villager (Male) |
| 12:24 | Create | Archer |
| 12:24 | Create | Archer |
| 12:40 | Research | Fletching |
| 12:41 | Create | Villager (Male) |
| 12:42 | Create | Archer |
| 12:42 | Create | Archer |
| 13:05 | Create | Archer |
| 13:14 | Create | Villager (Male) |
| 13:24 | Build | House |
| 13:27 | Build | Farm |
| 13:27 | Build | Farm |
| 13:28 | Build | Farm |
| 13:28 | Build | Farm |
| 13:28 | Build | Farm |
| 13:31 | Build | Farm |
| 13:42 | Create | Villager (Male) |
| 13:47 | Build | Lumber Camp |
| 13:49 | Create | Villager (Male) |
| 13:50 | Create | Archer |
| 14:00 | Create | Archer |
| 14:16 | Create | Villager (Male) |
| 14:17 | Create | Archer |
| 14:19 | Build | Farm |
| 14:26 | Create | Villager (Male) |
| 14:40 | Build | House |
| 14:46 | Build | House |
| 14:53 | Create | Archer |
| 14:53 | Create | Archer |
| 15:14 | Create | Archer |
| 15:15 | Create | Villager (Male) |
| 15:15 | Create | Villager (Male) |
| 15:25 | Create | Archer |
| 15:27 | Build | House |
| 15:28 | Create | Archer |
| 15:35 | Build | Farm |
| 15:36 | Build | Farm |
| 15:49 | Create | Archer |
| 15:54 | Build | Farm |
| 15:57 | Build | Farm |
| 16:11 | Create | Archer |
| 16:14 | Create | Villager (Male) |
| 16:14 | Create | Villager (Male) |
| 16:34 | Create | Archer |
| 16:36 | Create | Villager (Male) |
| 16:39 | Build | Farm |
| 16:44 | Build | Farm |
| 16:48 | Create | Villager (Male) |
| 16:51 | Create | Archer |
| 16:57 | Build | House |
| 17:02 | Create | Archer |
| 17:14 | Create | Villager (Male) |
| 17:24 | Build | Market |
| 17:26 | Create | Archer |
| 17:46 | Create | Archer |
| 17:47 | Create | Archer |
| 17:59 | Create | Archer |
| 17:59 | Create | Archer |
| 18:02 | Create | Villager (Male) |
| 18:06 | Build | House |
| 18:08 | Build | House |
| 18:09 | Build | House |
| 18:14 | Create | Archer |
| 18:15 | Create | Villager (Male) |
| 19:10 | Create | Archer |
| 19:11 | Create | Archer |
| 19:30 | Research | Castle Age |
| 19:47 | Build | Archery Range |
| 19:58 | Create | Villager (Male) |
| 20:04 | Create | Archer |
| 20:05 | Create | Archer |
| 20:11 | Build | Farm |
| 20:11 | Research | Horse Collar |
| 20:21 | Create | Archer |
| 20:22 | Create | Archer |
| 20:43 | Create | Archer |
| 21:06 | Build | Watch Tower |
| 21:15 | Build | Lumber Camp |
| 21:16 | Create | Villager (Male) |
| 21:18 | Create | Archer |
| 21:34 | Build | House |
| 21:37 | Build | House |
| 21:47 | Build | Palisade Gate |
| 22:02 | Build | House |
| 22:03 | Create | Villager (Male) |
| 22:04 | Create | Archer |
| 22:04 | Create | Archer |
| 22:10 | Age | Castle Age |
| 22:19 | Research | Crossbowman (upgrade) |
| 22:20 | Research | Bodkin Arrow |
| 22:43 | Create | Archer |
| 22:43 | Create | Archer |
| 23:00 | Create | Villager (Male) |
| 23:09 | Create | Villager (Male) |
| 23:10 | Create | Archer |
| 23:22 | Build | House |
| 23:27 | Create | Villager (Male) |
| 23:42 | Create | Villager (Male) |
| 23:43 | Create | Archer |
| 23:43 | Create | Archer |
| 23:45 | Create | Archer |
| 23:54 | Build | University |
Build order — Kataklysm
First 150 of 709 actions detected
| 0:14 | Build | Town Center |
| 1:19 | Create | Villager (Male) |
| 1:19 | Create | Villager (Male) |
| 1:20 | Create | Villager (Male) |
| 2:14 | Create | Villager (Male) |
| 2:15 | Create | Villager (Male) |
| 2:42 | Research | Loom |
| 2:45 | Create | Villager (Male) |
| 2:45 | Create | Villager (Male) |
| 2:45 | Create | Villager (Male) |
| 3:26 | Create | Villager (Male) |
| 3:27 | Create | Villager (Male) |
| 4:13 | Build | Lumber Camp |
| 4:15 | Create | Villager (Male) |
| 4:44 | Create | Villager (Male) |
| 5:04 | Create | Villager (Male) |
| 5:39 | Create | Villager (Male) |
| 5:52 | Create | Villager (Male) |
| 6:04 | Build | Mill |
| 6:30 | Build | Mill |
| 7:22 | Research | Feudal Age |
| 7:23 | Research | Feudal Age |
| 7:39 | Build | Palisade Wall |
| 8:17 | Build | Palisade Wall |
| 8:52 | Create | Villager (Male) |
| 8:52 | Create | Villager (Male) |
| 9:11 | Build | Barracks |
| 9:30 | Create | Villager (Male) |
| 9:32 | Age | Feudal Age |
| 9:38 | Research | Double-Bit Axe |
| 9:38 | Research | Double-Bit Axe |
| 10:00 | Build | House |
| 10:13 | Create | Spearman |
| 10:15 | Build | House |
| 10:19 | Build | Mining Camp |
| 10:46 | Create | Villager (Male) |
| 10:51 | Create | Spearman |
| 10:55 | Build | Archery Range |
| 11:09 | Create | Villager (Male) |
| 11:42 | Create | Skirmisher |
| 11:43 | Create | Skirmisher |
| 11:51 | Build | Blacksmith |
| 11:53 | Build | House |
| 11:55 | Build | Palisade Wall |
| 12:03 | Create | Spearman |
| 12:09 | Create | Skirmisher |
| 12:10 | Create | Spearman |
| 12:18 | Create | Villager (Male) |
| 12:18 | Create | Villager (Male) |
| 12:20 | Create | Villager (Male) |
| 12:20 | Create | Villager (Male) |
| 12:21 | Create | Skirmisher |
| 12:28 | Create | Skirmisher |
| 12:42 | Create | Villager (Male) |
| 12:44 | Build | House |
| 12:48 | Build | Palisade Wall |
| 12:54 | Create | Villager (Male) |
| 12:54 | Create | Villager (Male) |
| 13:06 | Create | Spearman |
| 13:06 | Create | Spearman |
| 13:08 | Build | Palisade Wall |
| 13:16 | Create | Villager (Male) |
| 13:16 | Create | Villager (Male) |
| 13:55 | Research | Fletching |
| 13:56 | Research | Fletching |
| 14:17 | Create | Skirmisher |
| 14:37 | Create | Archer |
| 14:37 | Create | Archer |
| 14:51 | Build | House |
| 15:20 | Create | Spearman |
| 15:25 | Create | Archer |
| 15:28 | Build | Archery Range |
| 15:41 | Create | Archer |
| 16:09 | Create | Archer |
| 16:09 | Create | Archer |
| 16:15 | Create | Villager (Male) |
| 16:15 | Create | Villager (Male) |
| 16:15 | Create | Villager (Male) |
| 16:18 | Build | Farm |
| 16:18 | Build | Farm |
| 16:38 | Create | Archer |
| 16:39 | Create | Archer |
| 16:42 | Create | Villager (Male) |
| 16:42 | Create | Villager (Male) |
| 16:44 | Build | Farm |
| 17:02 | Create | Archer |
| 17:02 | Create | Archer |
| 17:09 | Build | House |
| 17:11 | Build | Farm |
| 17:14 | Build | Farm |
| 17:44 | Create | Archer |
| 17:44 | Create | Archer |
| 17:59 | Create | Archer |
| 17:59 | Create | Archer |
| 18:06 | Create | Skirmisher |
| 18:07 | Create | Skirmisher |
| 18:10 | Create | Villager (Male) |
| 18:10 | Create | Villager (Male) |
| 18:17 | Build | House |
| 18:18 | Build | Palisade Wall |
| 18:19 | Build | House |
| 18:31 | Create | Archer |
| 18:31 | Create | Archer |
| 18:31 | Create | Archer |
| 18:38 | Create | Villager (Male) |
| 18:40 | Build | Farm |
| 18:41 | Build | Farm |
| 18:42 | Build | Farm |
| 19:14 | Create | Archer |
| 19:15 | Create | Archer |
| 19:36 | Create | Archer |
| 19:37 | Create | Archer |
| 19:37 | Create | Archer |
| 19:43 | Create | Villager (Male) |
| 19:43 | Create | Villager (Male) |
| 19:51 | Build | House |
| 19:52 | Create | Archer |
| 19:53 | Create | Archer |
| 20:02 | Build | Farm |
| 20:02 | Build | Farm |
| 20:03 | Build | Farm |
| 20:07 | Create | Archer |
| 20:27 | Build | Farm |
| 20:28 | Create | Villager (Male) |
| 20:38 | Create | Archer |
| 20:38 | Create | Archer |
| 20:54 | Create | Archer |
| 20:54 | Create | Archer |
| 21:24 | Create | Archer |
| 21:24 | Create | Archer |
| 21:25 | Create | Archer |
| 21:45 | Create | Villager (Male) |
| 21:46 | Create | Villager (Male) |
| 22:11 | Build | Mining Camp |
| 22:14 | Create | Skirmisher |
| 22:14 | Create | Skirmisher |
| 22:16 | Build | Archery Range |
| 22:20 | Build | Farm |
| 22:33 | Research | Castle Age |
| 22:33 | Research | Castle Age |
| 22:47 | Create | Skirmisher |
| 22:47 | Create | Skirmisher |
| 22:48 | Create | Skirmisher |
| 22:50 | Create | Spearman |
| 22:50 | Create | Spearman |
| 22:53 | Build | Farm |
| 23:47 | Create | Archer |
| 23:47 | Create | Archer |
| 23:47 | Create | Archer |
| 23:49 | Build | House |
Build order — DaRKN'
First 150 of 294 actions detected
| 0:19 | Build | House |
| 0:44 | Build | Town Center |
| 1:53 | Create | Villager (Male) |
| 1:53 | Create | Villager (Male) |
| 1:53 | Create | Villager (Male) |
| 1:54 | Create | Villager (Male) |
| 2:48 | Create | Villager (Male) |
| 3:41 | Research | Loom |
| 3:44 | Build | Mill |
| 3:48 | Build | Mill |
| 3:52 | Create | Villager (Male) |
| 4:18 | Create | Villager (Male) |
| 4:41 | Create | Villager (Male) |
| 4:45 | Create | Villager (Male) |
| 4:58 | Create | Villager (Male) |
| 5:01 | Build | Lumber Camp |
| 5:07 | Build | Lumber Camp |
| 5:09 | Create | Villager (Male) |
| 6:08 | Create | Villager (Male) |
| 7:16 | Create | Villager (Male) |
| 7:35 | Create | Villager (Male) |
| 7:48 | Research | Feudal Age |
| 7:57 | Build | Mill |
| 8:19 | Build | House |
| 8:26 | Build | House |
| 9:23 | Build | Palisade Wall |
| 9:25 | Build | Palisade Wall |
| 9:26 | Build | Palisade Wall |
| 9:32 | Create | Villager (Male) |
| 9:37 | Build | Barracks |
| 9:43 | Build | Barracks |
| 10:04 | Build | House |
| 10:18 | Age | Feudal Age |
| 10:23 | Create | Villager (Male) |
| 10:42 | Create | Villager (Male) |
| 10:56 | Create | Villager (Male) |
| 11:26 | Create | Villager (Male) |
| 11:55 | Build | Town Center |
| 12:23 | Create | Villager (Male) |
| 12:37 | Create | Villager (Male) |
| 13:02 | Build | Palisade Wall |
| 13:08 | Create | Villager (Male) |
| 13:13 | Build | Stable |
| 13:17 | Create | Villager (Male) |
| 13:23 | Build | Farm |
| 13:27 | Build | Farm |
| 14:02 | Create | Villager (Male) |
| 14:14 | Build | Market |
| 14:16 | Create | Villager (Male) |
| 14:29 | Create | Villager (Male) |
| 14:36 | Build | Farm |
| 15:06 | Build | Farm |
| 15:07 | Build | Farm |
| 15:40 | Build | Farm |
| 15:41 | Build | Farm |
| 16:07 | Build | Farm |
| 16:36 | Build | Watch Tower |
| 17:00 | Research | Castle Age |
| 17:00 | Research | Castle Age |
| 17:00 | Create | Villager (Male) |
| 17:11 | Build | Farm |
| 17:12 | Build | Farm |
| 17:14 | Build | Farm |
| 17:26 | Create | Villager (Male) |
| 17:32 | Build | Farm |
| 17:49 | Create | Villager (Male) |
| 17:58 | Build | Farm |
| 17:59 | Build | Farm |
| 18:00 | Build | Farm |
| 18:24 | Build | Farm |
| 18:43 | Create | Villager (Male) |
| 18:45 | Create | Villager (Male) |
| 19:34 | Create | Villager (Male) |
| 19:36 | Build | Blacksmith |
| 19:38 | Create | Villager (Male) |
| 19:39 | Create | Villager (Male) |
| 19:40 | Age | Castle Age |
| 19:43 | Create | Knight |
| 19:47 | Create | Steppe Lancer |
| 19:48 | Create | Steppe Lancer |
| 20:22 | Create | Steppe Lancer |
| 20:30 | Create | Villager (Male) |
| 20:31 | Create | Villager (Male) |
| 20:41 | Build | Town Center |
| 20:53 | Create | Steppe Lancer |
| 20:53 | Create | Steppe Lancer |
| 20:54 | Create | Villager (Male) |
| 21:13 | Build | House |
| 21:14 | Build | House |
| 21:28 | Create | Villager (Male) |
| 21:33 | Build | Farm |
| 21:40 | Build | Farm |
| 21:41 | Build | Farm |
| 21:42 | Create | Villager (Male) |
| 21:54 | Research | Double-Bit Axe |
| 21:57 | Research | Horse Collar |
| 22:01 | Create | Villager (Male) |
| 22:12 | Create | Steppe Lancer |
| 22:16 | Create | Villager (Male) |
| 22:35 | Build | House |
| 22:36 | Build | House |
| 22:39 | Build | House |
| 22:40 | Build | House |
| 22:41 | Create | Villager (Male) |
| 22:43 | Create | Villager (Male) |
| 23:07 | Create | Villager (Male) |
| 23:09 | Create | Villager (Male) |
| 23:21 | Create | Villager (Male) |
| 23:28 | Build | Siege Workshop |
| 23:53 | Create | Mangonel |
| 23:53 | Create | Mangonel |
| 24:08 | Create | Villager (Male) |
| 24:09 | Create | Villager (Male) |
| 24:15 | Create | Villager (Male) |
| 24:15 | Create | Villager (Male) |
| 24:36 | Create | Villager (Male) |
| 24:53 | Create | Villager (Male) |
| 25:09 | Create | Villager (Male) |
| 25:22 | Create | Villager (Male) |
| 25:45 | Create | Mangonel |
| 25:50 | Create | Villager (Male) |
| 25:57 | Research | Fletching |
| 25:58 | Research | Fletching |
| 26:06 | Create | Villager (Male) |
| 26:07 | Build | Farm |
| 26:27 | Create | Villager (Male) |
| 26:47 | Create | Villager (Male) |
| 27:04 | Create | Villager (Male) |
| 27:17 | Create | Mangonel |
| 27:19 | Build | Farm |
| 27:21 | Create | Villager (Male) |
| 27:44 | Create | Villager (Male) |
| 27:49 | Build | Lumber Camp |
| 27:49 | Create | Villager (Male) |
| 28:01 | Create | Villager (Male) |
| 28:43 | Build | Castle |
| 28:53 | Create | Mangonel |
| 28:53 | Create | Mangonel |
| 29:57 | Create | Villager (Male) |
| 30:34 | Build | Mining Camp |
| 30:45 | Create | Villager (Male) |
| 30:50 | Build | Castle |
| 30:54 | Create | Villager (Male) |
| 31:02 | Create | Villager (Male) |
| 31:02 | Create | Villager (Male) |
| 31:34 | Build | Lumber Camp |
| 31:58 | Build | Town Center |
| 32:13 | Create | Kipchak |
| 32:14 | Create | Kipchak |
| 32:37 | Create | Kipchak |
Build order — randomciv
First 150 of 650 actions detected
| 0:02 | Build | Town Center |
| 1:04 | Create | Villager (Male) |
| 1:04 | Create | Villager (Male) |
| 1:04 | Create | Villager (Male) |
| 1:05 | Create | Villager (Male) |
| 1:05 | Create | Villager (Male) |
| 1:48 | Build | Lumber Camp |
| 2:27 | Create | Villager (Male) |
| 3:03 | Create | Villager (Male) |
| 3:31 | Create | Villager (Male) |
| 3:47 | Build | Mill |
| 3:54 | Create | Villager (Male) |
| 4:16 | Create | Villager (Male) |
| 4:47 | Create | Villager (Male) |
| 5:09 | Create | Villager (Male) |
| 5:29 | Build | Barracks |
| 5:33 | Create | Villager (Male) |
| 5:59 | Create | Villager (Male) |
| 6:30 | Create | Villager (Male) |
| 6:49 | Research | Loom |
| 7:12 | Research | Feudal Age |
| 7:40 | Create | Militia |
| 7:40 | Create | Militia |
| 7:40 | Create | Militia |
| 7:59 | Build | Mining Camp |
| 8:18 | Build | House |
| 8:19 | Create | Militia |
| 8:46 | Create | Militia |
| 8:50 | Create | Villager (Male) |
| 9:30 | Age | Feudal Age |
| 9:32 | Research | Man-at-Arms (upgrade) |
| 9:35 | Build | Archery Range |
| 9:46 | Create | Villager (Male) |
| 10:11 | Create | Villager (Male) |
| 10:30 | Build | Blacksmith |
| 10:31 | Build | House |
| 10:35 | Build | House |
| 10:36 | Create | Villager (Male) |
| 10:37 | Create | Archer |
| 10:59 | Create | Archer |
| 11:04 | Create | Villager (Male) |
| 11:15 | Build | House |
| 11:38 | Create | Villager (Male) |
| 11:43 | Create | Archer |
| 11:54 | Build | House |
| 12:05 | Create | Villager (Male) |
| 12:07 | Build | Blacksmith |
| 12:27 | Create | Villager (Male) |
| 12:38 | Build | House |
| 12:42 | Build | Farm |
| 12:48 | Create | Villager (Male) |
| 13:17 | Create | Villager (Male) |
| 13:19 | Build | Farm |
| 13:20 | Build | Farm |
| 13:23 | Build | Farm |
| 13:26 | Build | Farm |
| 13:28 | Build | Farm |
| 13:37 | Research | Fletching |
| 13:39 | Create | Archer |
| 13:45 | Build | Mill |
| 13:47 | Create | Villager (Male) |
| 13:50 | Build | Mill |
| 13:55 | Build | Farm |
| 13:56 | Build | Farm |
| 14:04 | Build | House |
| 14:06 | Create | Archer |
| 14:15 | Create | Villager (Male) |
| 14:18 | Build | Farm |
| 14:19 | Build | Farm |
| 14:31 | Build | Farm |
| 14:34 | Build | Farm |
| 14:36 | Create | Villager (Male) |
| 14:52 | Build | Farm |
| 14:54 | Build | Farm |
| 14:56 | Create | Villager (Male) |
| 14:59 | Create | Archer |
| 15:15 | Create | Villager (Male) |
| 15:44 | Create | Villager (Male) |
| 15:58 | Create | Villager (Male) |
| 16:14 | Build | Farm |
| 16:17 | Build | Farm |
| 16:36 | Create | Villager (Male) |
| 16:58 | Research | Wheelbarrow |
| 17:02 | Create | Spearman |
| 17:02 | Create | Spearman |
| 17:11 | Create | Archer |
| 17:19 | Build | Barracks |
| 17:23 | Build | Barracks |
| 17:29 | Create | Spearman |
| 17:48 | Build | Market |
| 18:03 | Research | Double-Bit Axe |
| 18:21 | Build | House |
| 18:23 | Build | House |
| 18:34 | Research | Castle Age |
| 18:40 | Build | House |
| 18:42 | Build | House |
| 18:59 | Research | Gold Mining |
| 19:08 | Build | House |
| 19:10 | Create | Spearman |
| 19:10 | Create | Spearman |
| 19:35 | Research | Scale Mail Armor |
| 19:44 | Build | House |
| 19:54 | Build | House |
| 20:07 | Create | Spearman |
| 20:09 | Create | Villager (Male) |
| 20:30 | Create | Spearman |
| 20:49 | Create | Spearman |
| 20:49 | Create | Spearman |
| 21:14 | Age | Castle Age |
| 21:16 | Build | Siege Workshop |
| 21:21 | Build | Siege Workshop |
| 21:24 | Research | Pikeman (upgrade) |
| 21:24 | Research | Squires |
| 21:25 | Create | Villager (Male) |
| 21:31 | Research | Bow Saw |
| 21:40 | Build | Lumber Camp |
| 21:43 | Create | Villager (Male) |
| 21:49 | Research | Chain Mail Armor |
| 21:49 | Research | Forging |
| 22:02 | Create | Villager (Male) |
| 22:05 | Create | Mangonel |
| 22:40 | Create | Mangonel |
| 22:45 | Create | Spearman |
| 22:45 | Create | Spearman |
| 22:48 | Create | Villager (Male) |
| 22:54 | Research | Horse Collar |
| 23:02 | Create | Spearman |
| 23:08 | Create | Mangonel |
| 23:18 | Create | Villager (Male) |
| 23:33 | Create | Villager (Male) |
| 23:54 | Create | Villager (Male) |
| 23:56 | Create | Spearman |
| 24:12 | Create | Villager (Male) |
| 24:12 | Create | Mangonel |
| 24:23 | Create | Spearman |
| 24:23 | Create | Spearman |
| 24:25 | Create | Villager (Male) |
| 24:28 | Create | Mangonel |
| 24:35 | Create | Villager (Male) |
| 24:59 | Create | Villager (Male) |
| 25:02 | Create | Spearman |
| 25:02 | Create | Spearman |
| 25:21 | Create | Mangonel |
| 25:42 | Create | Spearman |
| 25:42 | Create | Spearman |
| 25:42 | Create | Spearman |
| 25:42 | Create | Villager (Male) |
| 25:54 | Build | Mining Camp |
| 26:04 | Build | Monastery |
| 26:14 | Build | Mining Camp |
Match timeline
| 5:29 | randomciv · first_building Barracks |
| 5:34 | Dude_Magnus · wall_segment Palisade Wall x4 |
| 5:40 | Dude_Magnus · wall_segment Palisade Wall x6 |
| 6:58 | ♿ Lastkraftwagenfahrer · first_building Barracks |
| 7:34 | Dude_Magnus · wall_segment Palisade Wall x15 |
| 7:38 | sinx · first_building Barracks |
| 7:39 | Kataklysm · wall_segment Palisade Wall x3 |
| 8:17 | Kataklysm · wall_segment Palisade Wall x7 |
| 8:19 | Dude_Magnus · first_building Barracks |
| 8:31 | ♿ Lastkraftwagenfahrer · wall_segment Palisade Wall x1 |
| 8:32 | ♿ Lastkraftwagenfahrer · wall_segment Palisade Wall x1 |
| 8:32 | ♿ Lastkraftwagenfahrer · wall_segment Palisade Wall x1 |
| 8:40 | ♿ Lastkraftwagenfahrer · wall_segment Palisade Wall x8 |
| 8:46 | ♿ Lastkraftwagenfahrer · wall_segment Palisade Wall x10 |
| 9:03 | ♿ Lastkraftwagenfahrer · age_up feudal |
| 9:05 | sinx · age_up feudal |
| 9:08 | sinx · first_building Archery Range |
| 9:10 | Dude_Magnus · age_up feudal |
| 9:11 | Kataklysm · first_building Barracks |
| 9:12 | ♿ Lastkraftwagenfahrer · first_building Archery Range |
| 9:20 | Dude_Magnus · first_building Stable |
| 9:23 | DaRKN' · wall_segment Palisade Wall x1 |
| 9:25 | DaRKN' · wall_segment Palisade Wall x1 |
| 9:26 | DaRKN' · wall_segment Palisade Wall x1 |
| 9:30 | randomciv · age_up feudal |
| 9:32 | Kataklysm · age_up feudal |
| 9:35 | randomciv · first_building Archery Range |
| 9:37 | DaRKN' · first_building Barracks |
| 9:46 | ♿ Lastkraftwagenfahrer · wall_segment Palisade Wall x1 |
| 10:18 | DaRKN' · age_up feudal |
| 10:30 | ♿ Lastkraftwagenfahrer · wall_segment Palisade Wall x1 |
| 10:41 | Dude_Magnus · wall_segment Palisade Wall x8 |
| 10:55 | Kataklysm · first_building Archery Range |
| 11:09 | ♿ Lastkraftwagenfahrer · wall_segment Palisade Wall x1 |
| 11:55 | Kataklysm · wall_segment Palisade Wall x2 |
| 12:48 | Kataklysm · wall_segment Palisade Wall x1 |
| 13:02 | DaRKN' · wall_segment Palisade Wall x1 |
| 13:08 | Kataklysm · wall_segment Palisade Wall x1 |
| 13:13 | DaRKN' · first_building Stable |
| 14:55 | DaRKN' · first_market_sell 100 wood |
| 14:57 | DaRKN' · first_market_buy 100 food |
| 18:18 | Kataklysm · wall_segment Palisade Wall x1 |
| 18:35 | ♿ Lastkraftwagenfahrer · first_market_sell 500 stone |
| 18:35 | ♿ Lastkraftwagenfahrer · first_market_buy 100 food |
| 18:55 | randomciv · first_market_sell 100 stone |
| 19:40 | DaRKN' · age_up castle |
| 21:14 | randomciv · age_up castle |
| 21:16 | randomciv · first_building Siege Workshop |
| 21:36 | randomciv · first_market_buy 100 wood |
| 22:10 | ♿ Lastkraftwagenfahrer · age_up castle |
| 22:46 | sinx · age_up castle |
| 23:28 | DaRKN' · first_building Siege Workshop |
| 24:25 | Dude_Magnus · age_up castle |
| 25:15 | Kataklysm · age_up castle |
| 26:04 | randomciv · first_building Monastery |
| 26:55 | ♿ Lastkraftwagenfahrer · first_building Siege Workshop |
| 27:48 | Dude_Magnus · first_market_sell 100 food |
| 28:04 | sinx · first_building Monastery |
| 28:43 | DaRKN' · first_building Castle |
| 28:46 | Dude_Magnus · first_market_buy 100 wood |
| 29:34 | randomciv · first_building Castle |
| 29:35 | ♿ Lastkraftwagenfahrer · wall_segment Palisade Wall x1 |
| 31:50 | sinx · age_up imperial |
| 34:44 | Kataklysm · first_building Castle |
| 36:18 | ♿ Lastkraftwagenfahrer · first_building Castle |
| 38:29 | sinx · first_market_sell 500 wood |
| 39:17 | Kataklysm · first_building Siege Workshop |
| 40:06 | sinx · first_building Castle |
| 41:00 | sinx · tribute_sent a jugador 2 |
| 41:00 | sinx · tribute_sent a jugador 3 |
| 41:00 | sinx · tribute_sent a jugador 4 |
| 41:00 | sinx · tribute_sent a jugador 5 |
| 41:00 | sinx · tribute_sent a jugador 6 |
| 41:35 | Dude_Magnus · first_building Monastery |
| 41:51 | Kataklysm · age_up imperial |
| 42:30 | randomciv · first_building Stable |
| 44:13 | randomciv · age_up imperial |
| 44:39 | sinx · tribute_sent a jugador 2 |
| 44:39 | sinx · tribute_sent a jugador 3 |
| 44:39 | sinx · tribute_sent a jugador 4 |
| 44:39 | sinx · tribute_sent a jugador 5 |
| 44:39 | sinx · tribute_sent a jugador 6 |
| 45:10 | sinx · tribute_sent a jugador 2 |
| 45:10 | sinx · tribute_sent a jugador 3 |
| 45:10 | sinx · tribute_sent a jugador 4 |
| 45:10 | sinx · tribute_sent a jugador 5 |
| 45:10 | sinx · tribute_sent a jugador 6 |
| 45:40 | Dude_Magnus · age_up imperial |
| 45:58 | ♿ Lastkraftwagenfahrer · age_up imperial |
| 49:08 | sinx · tribute_sent a jugador 2 |
| 49:08 | sinx · tribute_sent a jugador 3 |
| 49:08 | sinx · tribute_sent a jugador 4 |
| 49:08 | sinx · tribute_sent a jugador 5 |
| 49:08 | sinx · tribute_sent a jugador 6 |
| 51:44 | Dude_Magnus · first_building Castle |
| 52:53 | sinx · tribute_sent a jugador 2 |
| 52:53 | sinx · tribute_sent a jugador 3 |
| 52:53 | sinx · tribute_sent a jugador 4 |
| 52:53 | sinx · tribute_sent a jugador 5 |
| 52:53 | sinx · tribute_sent a jugador 6 |
| 53:05 | DaRKN' · first_building Archery Range |
| 53:26 | DaRKN' · age_up imperial |
| 56:10 | Kataklysm · first_market_buy 500 wood |
| 56:20 | Kataklysm · first_market_sell 500 food |
| 57:03 | Kataklysm · tribute_sent a jugador 1 |
| 57:03 | Kataklysm · tribute_sent a jugador 2 |
| 57:03 | Kataklysm · tribute_sent a jugador 4 |
| 57:03 | Kataklysm · tribute_sent a jugador 5 |
| 57:03 | Kataklysm · tribute_sent a jugador 6 |
| 60:44 | DaRKN' · resign |
| 62:10 | ♿ Lastkraftwagenfahrer · tribute_sent a jugador 1 |
| 62:10 | ♿ Lastkraftwagenfahrer · tribute_sent a jugador 3 |
| 62:10 | ♿ Lastkraftwagenfahrer · tribute_sent a jugador 4 |
| 62:10 | ♿ Lastkraftwagenfahrer · tribute_sent a jugador 5 |
| 62:10 | ♿ Lastkraftwagenfahrer · tribute_sent a jugador 6 |
[ AI ANALYSIS · 1 CREDIT ]
What really happened in this match?
Wolo.gg analyzes every decision: build order, eco, micro, common mistakes by bracket. Personalized analysis on WhatsApp or Discord in 30 seconds.
Civ guide
Persians
Perfil
Dude_Magnus